 Dungeon Crawl Stone Soup version 0.31-a0-879-g1609e0ac53 (webtiles) character file.

Game seed: 3921030687425175116

75 protoss039 the Digger (level 4, -1/33 HPs)
             Began as a Demonspawn Earth Elementalist on Oct 14, 2023.
             Slain by Grinder (3 damage)
             ... on level 3 of the Dungeon.
             The game lasted 00:03:40 (2395 turns).

protoss039 the Digger (DsEE)                        Turns: 2395, Time: 00:03:41

Health: -1/33      AC:  2    Str:  9    XL:     4   Next: 11%
Magic:  3/8        EV: 14    Int: 18    God:
Gold:   111        SH:  0    Dex: 13    Spells: 2/8 levels left

rFire   . . .        c - +0 dagger
rCold   . . .        (no shield)
rNeg    . . .        a - +0 robe
rPois   .            (no helmet)
rElec   .            (no cloak)
rCorr   .            (no gloves)
SInv    .            (no boots)
Will    .....        (no amulet)
Stlth   ++           (no ring)
HPRegen 0.25/turn    (no ring)
MPRegen 0.11/turn

%: no passive effects
@: no status effects
A: claws 1, repulsion field 1, ignite blood 1
a: no special abilities


You were on level 3 of the Dungeon.
You visited 1 branch of the dungeon, and saw 3 of its levels.

You collected 111 gold pieces.

Inventory:

Hand Weapons
 c - a +0 dagger (weapon)
Armour
 a - a +0 robe (worn)
 i - a +0 ring mail
 o - the +1 robe of the Beekeeper {rPois Will+++ Int-3 Dex-5}
   (You found it on level 2 of the Dungeon)

   Int-3:     It affects your intelligence (-3).
   Dex-5:     It affects your dexterity (-5).
   rPois:     It protects you from poison Will+++: It greatly increases your
   willpower.
Jewellery
 t - an amulet of guardian spirit
Scrolls
 e - 3 scrolls of identify {unknown}
 h - 2 scrolls of teleportation {unknown}
 k - a scroll of revelation {unknown}
 n - a scroll of immolation {unknown}
 p - a scroll of noise {unknown}
 u - a scroll of enchant weapon {unknown}
Potions
 b - 2 potions of magic
 d - 2 potions of haste {unknown}
 f - 2 potions of resistance {unknown}
 g - a potion of lignification {unknown}
 j - 2 potions of mutation {unknown}
 l - 2 potions of curing {unknown}
 m - 2 potions of heal wounds {unknown}
 q - a potion of invisibility {unknown}
 r - a potion of attraction {unknown}
 s - a potion of cancellation {unknown}


   Skills:
 * Level 2.1 Fighting
 - Level 1.7 Dodging
 - Level 1.7 Stealth
 + Level 2.7 Spellcasting
 + Level 0.6 Conjurations
 - Level 1.0 Transmutations
 + Level 3.3 Earth Magic


You had 2 spell levels left.
You knew the following spells:

 Your Spells              Type           Power      Damage    Failure   Level
a - Sandblast             Erth           28%        2d8       4%          1
b - Passwall              Tmut/Erth      8%         N/A       11%         2
c - Stone Arrow           Conj/Erth      18%        3d8       22%         3

Your spell library contained the following spells:

 Spells                   Type           Power      Damage    Failure   Level
 Necrotise                Necr           8%         1d4       17%         1
 Vampiric Draining        Necr           2%         2d6       45%         3
 Petrify                  Tmut/Erth      10%        N/A       56%         4
 Brom's Barrelling Bould  Conj/Erth      9%         2d3       58%         4
 Agony                    Necr           2%         N/A       99%         5


Dungeon Overview and Level Annotations

Branches:
Dungeon (3/15) Zot: 15572

Altars:
Ashenzari
Nemelex Xobeh

Shops:
D:1 :   D:3 :

Annotations:
D:3 Grinder


Innate Abilities, Weirdness & Mutations

You have sharp fingernails.
You are surrounded by a mild repulsion field. (EV +2)
Your demonic aura sometimes causes spilled blood to erupt in flames.


Message History

Aim: Grinder (lightly wounded, 80% to hit)
The blast of sand hits Grinder!
Grinder is moderately wounded.
Grinder hits you!
You writhe in agony.
Unknown command.
Unknown command.
Casting: Sandblast (safe; 4% risk of failure)
Confirm with . or Enter, or press ? or * to list all spells.
Aiming: Sandblast (safe; 4% risk of failure)
Press: ? - help, Shift-Dir - straight line, f/p - Grinder
Aim: Grinder (moderately wounded, 80% to hit)
The blast of sand hits Grinder.
Grinder is heavily wounded.
Grinder gestures at you. Pain shoots through your body! Grinder hits you.
* * * LOW HITPOINT WARNING * * *
You writhe in agony.
* * * LOW HITPOINT WARNING * * *
Unknown command.
Casting: Sandblast (safe; 4% risk of failure)
Confirm with . or Enter, or press ? or * to list all spells.
Aiming: Sandblast (safe; 4% risk of failure)
Press: ? - help, Shift-Dir - straight line, f/p - Grinder
Aim: Grinder (heavily wounded, 80% to hit)
The blast of sand hits Grinder!
Grinder is severely wounded.
Grinder closely misses you.
Unknown command.
Casting: Sandblast (safe; 4% risk of failure)
Confirm with . or Enter, or press ? or * to list all spells.
Aiming: Sandblast (safe; 4% risk of failure)
Press: ? - help, Shift-Dir - straight line, f/p - Grinder
Aim: Grinder (severely wounded, 80% to hit)
The blast of sand hits Grinder!
Grinder is almost dead.
Grinder hits you.
* * * LOW HITPOINT WARNING * * *
You writhe in agony.
You die...
Grinder says, "Now the real fun starts!"

#.# #$ #.# #. ..#
#. ..###### #.
.......### #.##
####.....# #..##
####.....######...#
..............##5##
#.##.....####.##@#
#.##.....# #.##.#
#.####.### #.##.#
#.####.# #.##>#
.......## #.##.#
#.###...#####.##.#
.................#
#.####..#####.####
#.))..........#


You could see Grinder.

Vanquished Creatures
  An adder (D:3)
  A dart slug (D:1)
  4 orcs (D:3)
  4 ball pythons
  5 bats
  8 endoplasms
  4 giant cockroaches (D:1)
  10 goblins
  2 hobgoblins (D:1)
  4 kobolds
  3 quokkas
  4 frilled lizards
  5 rats
55 creatures vanquished.

Notes
Turn   | Place    | Note
-------+----------+-------------------------------------------
     0 | D:1      | protoss039 the Demonspawn Earth Elementalist began the
                  | quest for the Orb.
     0 | D:1      | Reached XP level 1. HP: 13/13 MP: 3/3
   140 | D:1      | Gained mutation: You have sharp fingernails. [demonic
                  | ancestry]
   140 | D:1      | Reached XP level 2. HP: 17/20 MP: 1/5
   238 | D:1      | Reached skill level 1 in Fighting
   249 | D:1      | Found Pyugaaff's Vocational Training.
   335 | D:1      | Reached skill level 3 in Earth Magic
   843 | D:1      | Learned a level 2 spell: Passwall
   853 | D:2      | Gained mutation: Your demonic aura sometimes causes spilled
                  | blood to erupt in flames. [demonic ancestry]
   853 | D:2      | Reached XP level 3. HP: 26/26 MP: 4/6
   881 | D:2      | Reached skill level 1 in Transmutations
  1260 | D:2      | Identified the +1 robe of the Beekeeper {rPois Will+++
                  | Int-3 Dex-5}
  1531 | D:2      | Found a sparkling altar of Nemelex Xobeh.
  1797 | D:2      | Learned a level 3 spell: Stone Arrow
  1855 | D:3      | Found a broken altar of Ashenzari.
  2124 | D:3      | Gained mutation: You are surrounded by a mild repulsion
                  | field. (EV +2) [demonic ancestry]
  2124 | D:3      | Reached XP level 4. HP: 27/33 MP: 3/8
  2214 | D:3      | Found Gilata's Book Shop.
  2381 | D:3      | Noticed Grinder
  2389 | D:3      | Paralysed by Grinder for 2 turns
  2395 | D:3      | Slain by Grinder

Illustrated notes

Levels and vault maps discovered:
D:1:      spicycebolla_arrival_clurvy, layout_loops_ring,
          nicolae_shop_vocational
D:2:      layout_basic, basic_altar
D:3:      layout_loops_ring, mainiacjoe_overflow_concentric_impassable,
          serial_shops, nicolae_shop_tiny_waterfront, uniq_grinder

Skill      XL: |  1  2  3 |
---------------+----------+-----
Fighting       | 1 2 |  2.1
Earth Magic    | 3 |  3.3
Transmutations | 1 |  1.0
Dodging        | |  1.7
Stealth        | |  1.7
Spellcasting   | |  2.7
Conjurations   | |  0.6

Action                     |  1- 3 |  4- 6 || total
---------------------------+-------+-------++-------
  Melee: Dagger            |    36 |    12 ||    48
         Unarmed           |     1 |       ||     1
         Punch             |     1 |       ||     1
   Cast: Sandblast         |    54 |    11 ||    65
   Stab: Sleeping          |     6 |       ||     6
 Armour: Robe              |    30 |     9 ||    39
  Dodge: Dodged            |    37 |    14 ||    51

Table legend: (Time is in decaauts)
 A = Elapsed time spent in this place.
 B = Non-inter-level travel time spent in this place.
 C = Inter-level travel time spent in this place.
 D = Time resting spent in this place.
 E = Time spent auto-exploring this place.
 F = Levels seen in this place.
 G = Mean time per level.
                   A        B        C        D        E       F      G
               +--------+--------+--------+--------+--------+-----+--------+
         Total |   2426 |   2321 |    105 |     65 |   1875 |   3 |  808.7 |
       Dungeon |   2426 |   2321 |    105 |     65 |   1875 |   3 |  808.7 |
               +--------+--------+--------+--------+--------+-----+--------+

Top non-repeatable levels by time:
     D:2: 962 daAuts
     D:1: 851 daAuts
     D:3: 612 daAuts
